 Dungeon Crawl Stone Soup version 0.23.2-1-ga50397a (webtiles) character file.

Game seed: 18397279344673515480

318276 GuyDeFluk the Imperceptible (level 20, -6/102 HPs)
             Began as a Spriggan Enchanter on May 2, 2019.
             Was the Champion of Dithmenos.
             Mangled by an Executioner (25 damage)
             ... summoned by a deep elf demonologist
             ... on level 3 of the Elven Halls on May 8, 2019.
             The game lasted 13:10:49 (69296 turns).

GuyDeFluk the Imperceptible (Spriggan Enchanter)   Turns: 69296, Time: 13:10:50

Health: -6/102     AC:  5    Str:  7    XL:     20   Next: 57%
Magic:  47/47      EV: 32    Int: 19    God:    Dithmenos [******]
Gold:   1031       SH: 10    Dex: 20    Spells: 21/63 levels left

rFire    + . .     SeeInvis +   x - +9 dagger (speed)
rCold    . . .     Gourm    .   p - +2 buckler
rNeg     . . .     Faith    .   V - +2 robe {MR+}
rPois    .         Spirit   .   X - +1 hat
rElec    .         Reflect  .   W - scarf {cloud immunity}
rCorr    .         Harm     .   (gloves unavailable)
MR       +++++                  (boots unavailable)
Stlth    ++++++++++             L - amulet of magic regeneration
HPRegen  0.27/turn              b - ring of protection from fire
MPRegen  0.55/turn              E - ring of protection from magic

@: lethally poisoned (-6 -> -13), silence, wreathed by umbra, lightly drained,
invisible, very quick
A: very small, unfitting armour, see invisible, herbivore, speed 3, slow
metabolism 2
}: 2/15 runes: decaying, serpentine
a: Renounce Religion


You were on level 3 of the Elven Halls.
You worshipped Dithmenos.
Dithmenos was exalted by your worship.
You were not hungry.

You visited 8 branches of the dungeon, and saw 39 of its levels.

You collected 4515 gold pieces.
You spent 3484 gold pieces at shops.

Inventory:

Hand Weapons
 c - a +0 blowgun
 x - a +9 dagger of speed (weapon)
 T - a +1 dagger of draining
Missiles
 r - 40 poisoned needles (quivered)
Armour
 i - a +2 robe of fire resistance
 o - a +2 robe of cold resistance
 p - a +2 buckler (worn)
 B - a +2 robe of positive energy
 V - a +2 robe of magic resistance (worn)
 W - a scarf of cloud immunity (worn)
 X - a +1 hat (worn)
Jewellery
 b - a ring of protection from fire (left hand)
 f - an uncursed ring of protection from fire
 k - an uncursed ring of ice
 u - a +3 ring of protection
 E - a ring of protection from magic (right hand)
 F - a +4 ring of evasion
 I - an uncursed ring of magical power
 L - an amulet of magic regeneration (around neck)
 N - an uncursed ring of resist corrosion
 Q - an uncursed ring of positive energy
 U - an uncursed ring of poison resistance
 Y - an uncursed ring of positive energy
Wands
 e - a wand of enslavement (22)
 z - a wand of polymorph (17)
 A - a wand of clouds (2)
 H - a wand of flame (84)
 J - a wand of digging (17)
 O - a wand of paralysis (36)
 P - a wand of iceblast (23)
 R - a wand of acid (7)
Scrolls
 m - 2 scrolls of fog
 s - 6 scrolls of amnesia
 t - 8 scrolls of magic mapping
 v - 13 scrolls of remove curse
 y - 12 scrolls of identify
 M - a scroll of silence
 S - a scroll of holy word {unknown}
Potions
 a - 4 potions of resistance
 g - 3 potions of magic
 h - 6 potions of lignification
 j - 2 potions of haste
 l - 16 potions of curing
 n - 2 potions of mutation
 q - 6 potions of ambrosia
 w - 4 potions of brilliance
 C - 3 potions of might
 D - 4 potions of flight
 G - 2 potions of agility
 K - 2 potions of invisibility
 Z - 2 potions of cancellation
Comestibles
 d - 43 rations


   Skills:
 - Level 10.0(9.6) Fighting
 - Level 10.0(9.6) Short Blades
 - Level 15.0(14.6) Dodging
 + Level 23.1(22.6) Stealth
 - Level 7.2(6.8) Shields
 - Level 22.0(21.5) Spellcasting
 * Level 21.8(21.3) Hexes
 - Level 4.5(4.1) Evocations


You had 21 spell levels left.
You knew the following spells:

 Your Spells              Type           Power        Failure   Level  Hunger
a - Corona                Hex            #######      0%          1    None
b - Ensorcelled Hibernat  Hex/Ice        ######       1%          2    None
c - Confuse               Hex            #######.     0%          3    None
d - Invisibility          Hex            #######.     1%          6    ####...
e - Passage of Golubria   Tloc           N/A          22%         4    None
f - Cause Fear            Hex            #######...   0%          4    None
g - Darkness              Hex            #######...   1%          6    ####...
h - Dazzling Spray        Conj/Hex       ######       1%          3    None
i - Discord               Hex            #######...   2%          8    #######
j - Silence               Hex/Air        ######....   1%          5    None

Your spell library contained the following spells:

 Spells                   Type           Power        Failure   Level  Hunger
 Confusing Touch          Hex            ######       0%          1    None
 Tukima's Dance           Hex            #######.     0%          3    None
 Spectral Weapon          Hex/Chrm       ######..     1%          3    None
 Fulminant Prism          Conj/Hex       ######....   1%          4    None
 Yara's Violent Unravell  Hex/Tmut       ######....   1%          5    None
 Beastly Appendage        Tmut           ###...       2%          1    None
 Flame Tongue             Conj/Fire      ###..        2%          1    None
 Infusion                 Chrm           ###.         2%          1    None
 Shock                    Conj/Air       ###.         2%          1    None
 Passwall                 Tmut/Erth      ###.....     3%          2    None
 Shroud of Golubria       Chrm/Tloc      ###.......   3%          2    None
 Song of Slaying          Chrm           ###.....     3%          2    None
 Sticks to Snakes         Tmut           ###.....     3%          2    None
 Swiftness                Chrm/Air       ###.....     3%          2    None
 Ignite Poison            Fire/Tmut/Pois ###.....     7%          3    None
 Recall                   Summ/Tloc      N/A          7%          3    None
 Regeneration             Chrm/Necr      ###.......   7%          3    None
 Spider Form              Tmut/Pois      ###.......   7%          3    None
 Static Discharge         Conj/Air       ###.....     7%          3    None
 Airstrike                Air            ###.......   22%         4    None
 Animate Dead             Necr           N/A          22%         4    None
 Ice Form                 Ice/Tmut       ###.....     22%         4    None
 Blade Hands              Tmut           ###.......   54%         5    None
 Borgnjor's Vile Clutch   Necr/Erth      ###.......   54%         5    None
 Fireball                 Conj/Fire      ###.......   54%         5    None
 Lee's Rapid Deconstruct  Erth           ###.......   54%         5    None
 Lightning Bolt           Conj/Air       ###.......   54%         5    None
 Bolt of Fire             Conj/Fire      ###.......   98%         6    ####...
 Death Channel            Necr           ###.......   98%         6    ####...
 Dispersal                Tloc           ###.......   98%         6    ####...
 Hydra Form               Tmut           ###.......   98%         6    ####...
 Iron Shot                Conj/Erth      ###.......   98%         6    ####...
 Simulacrum               Ice/Necr       ###.......   98%         6    ####...
 Dragon Form              Tmut           ###.......   100%        7    #####..
 Ring of Flames           Chrm/Fire      ###.......   100%        7    #####..
 Ignition                 Fire           ###.......   100%        8    #######
 Dragon's Call            Summ           ###.......   100%        9    #######


Dungeon Overview and Level Annotations

Branches:
Dungeon (15/15)            Temple (1/1) D:5            Lair (6/6) D:11
  Swamp (4/4) Lair:2        Snake (4/4) Lair:4          Orc (2/2) D:10
    Elf (3/3) Orc:2        Vaults (4/5) D:13          Crypt (0/3) Vaults:3
  Slime: Lair:5-6    Depths: D:15

Altars:
Ashenzari
Cheibriados
Dithmenos
Fedhas
Gozag
Kikubaaqudgha
Makhleb
Okawaru
Sif Muna
Trog
Uskayaw
Wu Jian
Xom
Yredelemnul
Zin
The Shining One
Beogh

Shops:
D:10 ([   D:13 [   Orc:1 !   Orc:2 =*[(   Elf:1 (   Snake:3 =}}
Vaults:1 ::*(!   Vaults:3 [   Vaults:4 (

Portals:
Trove: Elf:3 (lose all piety)

Annotations:
D:3 1 runed translucent door, Xtruder99's ghost, novice GnFi
D:4 Sigmund
D:5 1 runed translucent door, Crazy Yiuf; Menkaure
D:11 3 runed translucent doors, Borgoz's ghost, journeyman GrGl
Lair:2 exclusion: oklob plant
Lair:6 exclusion: 2 oklob plants
Swamp:4 1 runed translucent door, VLARC's ghost, adept VSEE
Elf:3 Mara
Vaults:1 magic book to buy !
Vaults:3 1 runed translucent door, Guuvih's ghost, adept OgTm


Innate Abilities, Weirdness & Mutations

You are very small and have problems with some larger weapons.
You are too small for most types of armour.
You have supernaturally acute eyesight. (SInv)
You are a herbivore.
You cover ground extremely quickly.
You need to consume almost no food.


Message History

The Hell Sentinel completely misses you.
The deep elf demonologist misses you.
You hit the deep elf annihilator.
The deep elf annihilator is almost dead.
The Executioner gestures.
The Executioner seems to speed up.
Okay, then.
You feel sick.
You feel sick.
You feel sick. The Hell Sentinel gestures at you.
The sphere of damnation explodes!
The damnation engulfs you!!!
* * * LOW HITPOINT WARNING * * *
You emit a cloud of dark smoke.
You fade into invisibility!
You feel sick. The Executioner misses you. x2
The Executioner barely misses you.
The deep elf demonologist gestures wildly while chanting.
The Executioner hits you!!
You die...

#..#....#...#§§§§#..#...'....#.
#..'....#...#e...#..#...#....#.
#..#....#...#....#..#...#....#.
#..#....'...#....#..#.§.#....#.
#....#...)....#..#...#....#.
#...)#...#....#..#...#....##
#....#...#....#..'...#......
#.○.e#...#..§.#..#)..#......
#.○.3#...#§@§.#..#[..#).....
#.E.3#...#§1e§#..#...#......
#.53e#...#e§1§#..#...#######
#...5#...#....#..#..........
#..5.#.3§#e...#..#....).....
#^..e§§§§#....#..#..........
.######e3§##3###..###########
......§§§e.5.................
.......§.§...................


You could see a Hell Sentinel, a deep elf blademaster (wandering), a deep elf
annihilator, an Executioner and 2 deep elf demonologists.

Vanquished Creatures
  Bai Suzhen (Swamp:4)
  A deep elf blademaster (Elf:2)
  Frances (Elf:1)
  Gastronok (Lair:2)
  3 thorn hunters (Swamp:4)
  Kirke (Swamp:3)
  2 sphinxes
  Donald (Swamp:2)
  A fire giant (D:12)
  A storm dragon (Vaults:4)
  2 nagarajas (Snake:4)
  2 orc warlords
  3 deep elf sorcerers
  7 vault wardens
  A deep elf elementalist (Elf:3)
  Aizul (Swamp:1)
  A ghoul (Vaults:3)
  An entropy weaver (Vaults:2)
  9 ironheart preservers
  4 stone giants (Vaults:2)
  2 very ugly things (Vaults:4)
  Nessos (Lair:5)
  2 deep elf demonologists (Elf:3)
  A deep elf annihilator (Vaults:2)
  The ghost of Exporg the Grappler, a journeyman TrFi of Qazlal (D:12)
  3 fire dragons
  3 ettins
  A great orb of eyes (Vaults:4)
  4 yaktaur captains
  Josephine (Lair:5)
  31 hydras
  An ice dragon (Vaults:4)
  Erolcha (D:13)
  A ragged hierophant (Elf:1)
  12 naga warriors
  Fannar (Lair:3)
  2 vault guards (Vaults:2)
  A ghost crab (Swamp:2)
  2 shambling mangroves
  4 death knights
  2 catoblepae (Lair:6)
  10 anacondas
  15 dancing weapons
  8 centaur warriors
  5 alligators
  21 two-headed ogres
  A deep troll shaman (Vaults:3)
  7 ogre magi
  Urug (Lair:1)
  7 death yaks
  6 naga sharpshooters (Snake:4)
  19 deep elf knights
  A deep troll earth mage (Vaults:2)
  Nergalle (Lair:1)
  4 orc high priests
  10 shock serpents
  A fire crab (shapeshifter) (Vaults:2)
  4 salamander mystics
  A skeletal warrior (Vaults:3)
  11 swamp dragons
  11 deep trolls
  6 spriggan druids
  4 wizards
  An unseen horror (D:10)
  7 naga ritualists
  7 harpies
  2 flayed ghosts (Vaults:4)
  7 ironbrand convokers
  16 deep elf archers
  2 phantasmal warriors (Vaults:4)
  Pikel (D:4)
  18 orc knights
  27 ugly things
  15 cyclopes
  4 wolf spiders
  4 orc sorcerers (Orc:2)
  3 manticores
  61 deep elf magi
  11 mana vipers
  23 salamanders
  Maurice (D:12)
  18 naga magi
  28 black mambas
  A centaur zombie (D:13)
  An elephant (Lair:6)
  Psyche (D:12)
  3 guardian serpents
  11 vault sentinels
  A gargoyle (D:11)
  15 spiny frogs
  28 yaktaurs
  10 komodo dragons
  11 freezing wraiths
  A rime drake (Lair:6)
  A yaktaur (shapeshifter) (Elf:2)
  2 trolls
  A tengu simulacrum (Vaults:2)
  13 hornets
  A polar bear (shapeshifter) (D:13)
  9 tyrant leeches
  A jumping spider (Vaults:2)
  A polar bear (Lair:4)
  Prince Ribbit (D:6)
  15 blink frogs
  A meliai zombie (D:13)
  9 hippogriffs
  8 bog bodies
  3 saltlings (Elf:1)
  19 slime creatures
  2 air elementals
  A human simulacrum (Vaults:2)
  4 shadows
  3 redbacks (Vaults:2)
  2 wyverns
  Eustachio (D:6)
  2 spriggans
  8 wraiths
  4 water elementals
  A vampire (D:12)
  51 yaks
  2 hogs (Swamp:3)
  16 humans (D:13)
  A basilisk (D:12)
  7 fire elementals
  A hog (shapeshifter) (Vaults:1)
  2 hungry ghosts
  12 swamp worms
  14 vampire mosquitoes
  4 insubstantial wisps (Swamp:1)
  31 nagas
  10 wargs
  11 water moccasins
  2 soldier ants
  17 swamp drakes
  46 orc warriors
  A porcupine (shapeshifter) (Vaults:2)
  3 porcupines
  A black bear (shapeshifter) (Vaults:3)
  6 sky beasts
  2 slaves (D:4)
  2 eyes of draining (D:9)
  An ice beast (D:3)
  3 phantoms
  4 black bears
  2 necrophages
  28 ogres
  24 centaurs
  7 wolves
  12 crocodiles
  17 boggarts
  A centaur (shapeshifter) (Vaults:2)
  19 bullfrogs
  2 big kobolds
  2 earth elementals
  A wyvern skeleton (D:7)
  5 killer bees
  2 scorpions
  9 wights
  An electric eel (Lair:3)
  4 howler monkeys (D:9)
  6 crimson imps
  A quasit (D:10)
  4 hounds
  4 bullfrog zombies
  2 jellies
  33 orc priests
  Natasha (D:3)
  10 iguanas
  Terence (D:3)
  33 orc wizards
  6 worker ants
  A killer bee zombie (D:4)
  8 gnolls
  13 adders
  2 howler monkey skeletons
  2 shadow imps (D:9)
  2 adder zombies
  2 adder skeletons
  2 dart slugs
  7 leopard geckos
  83 orcs
  11 bats
  12 giant cockroaches
  13 goblins
  8 hobgoblins
  6 jackals
  4 quokkas
  2 ball pythons (D:2)
  8 frilled lizards
  15 kobolds
  6 rats
  A fungus (Lair:3)
  A plant (D:12)
1423 creatures vanquished.

Vanquished Creatures (collateral kills)
  A swamp drake (Swamp:2)
1 creature vanquished.

Vanquished Creatures (others)
  A hornet (Swamp:2)
  A spriggan (Swamp:2)
  A boggart (Vaults:3)
  4 briar patches (Swamp:4)
  A bush (Lair:4)
  18 fungi
  19 plants
  3 toadstools (D:4)
  2 withered plants (D:3)
50 creatures vanquished.

Grand Total: 1474 creatures vanquished

Notes
Turn   | Place    | Note
-------+----------+-------------------------------------------
     0 | D:1      | GuyDeFluk the Spriggan Enchanter began the quest for the
                  | Orb.
     0 | D:1      | Reached XP level 1. HP: 9/9 MP: 5/5
   613 | D:1      | Reached skill level 5 in Stealth
   613 | D:1      | Reached XP level 2. HP: 8/13 MP: 6/6
  1611 | D:2      | Reached XP level 3. HP: 14/16 MP: 8/8
  2373 | D:2      | Found a shattered altar of Ashenzari.
  2847 | D:3      | Reached skill level 6 in Stealth
  2951 | D:3      | Learned a level 2 spell: Ensorcelled Hibernation
  2955 | D:3      | Learned a level 3 spell: Confuse
  2977 | D:3      | Reached XP level 4. HP: 20/21 MP: 9/9
  3024 | D:3      | Noticed a phantom
  3111 | D:3      | Found a runed translucent door.
  3111 | D:3      | Noticed Xtruder99's ghost (novice GnFi)
  3112 | D:3      | Noticed Terence
  3787 | D:3      | Noticed an ice beast
  3793 | D:3      | Killed an ice beast
  3793 | D:3      | Reached skill level 7 in Stealth
  3793 | D:3      | Reached XP level 5. HP: 7/24 MP: 10/10
  4120 | D:3      | Noticed Natasha
  4335 | D:3      | Killed Terence
  4841 | D:4      | Noticed a slave
  4873 | D:4      | Noticed a slave
  4990 | D:4      | Reached skill level 8 in Stealth
  4990 | D:4      | Reached XP level 6. HP: 8/28 MP: 11/11
  5509 | D:4      | Noticed Sigmund
  5559 | D:3      | Killed Natasha
  5559 | D:3      | Reached skill level 5 in Short Blades
  5740 | D:4      | Noticed Pikel
  5968 | D:4      | Found a blossoming altar of Fedhas.
  6633 | D:4      | Noticed a slave
  6661 | D:4      | Noticed a slave
  7040 | D:4      | Killed a slave
  7046 | D:4      | Killed a slave
  7397 | D:4      | Killed Pikel
  7397 | D:4      | Reached skill level 5 in Hexes
  7397 | D:4      | Reached XP level 7. HP: 32/32 MP: 1/17
  7695 | D:5      | Entered Level 5 of the Dungeon
  7938 | D:5      | Found a staircase to the Ecumenical Temple.
  7971 | D:5      | Noticed Menkaure
  7991 | D:5      | Reached XP level 8. HP: 36/36 MP: 16/19
  8002 | Temple   | Entered the Ecumenical Temple
  8024 | Temple   | Became a worshipper of Dithmenos the Shadowed
  8572 | D:6      | Found a basalt altar of Yredelemnul.
  8697 | D:6      | Noticed Prince Ribbit
  8701 | D:6      | Killed Prince Ribbit
  8924 | D:6      | Noticed Eustachio
  8931 | D:6      | Killed Eustachio
  9352 | D:7      | Reached XP level 9. HP: 39/39 MP: 22/22
  9559 | D:7      | Reached * piety under Dithmenos
  9816 | D:7      | Found a flagged portal.
 10454 | D:7      | Reached skill level 10 in Hexes
 10476 | D:7      | Reached skill level 10 in Spellcasting
 11236 | D:5      | Found a runed translucent door.
 11237 | D:5      | Noticed Crazy Yiuf
 11409 | D:8      | Found a burning altar of Makhleb.
 11438 | D:8      | Reached skill level 1 in Fighting
 11790 | D:8      | Reached ** piety under Dithmenos
 11821 | D:8      | Reached skill level 5 in Dodging
 11926 | D:8      | Noticed a two-headed ogre
 11944 | D:8      | Killed a two-headed ogre
 11944 | D:8      | Reached XP level 10. HP: 34/49 MP: 18/25
 12583 | D:9      | Reached skill level 5 in Fighting
 13153 | D:9      | Reached skill level 10 in Dodging
 13615 | D:9      | Reached *** piety under Dithmenos
 13640 | D:9      | Reached skill level 9 in Stealth
 13646 | D:9      | Reached XP level 11. HP: 39/56 MP: 10/26
 13884 | D:10     | Entered Level 10 of the Dungeon
 14451 | D:10     | Found Uczoq's Weapon Boutique.
 14453 | D:10     | Found a staircase to the Orcish Mines.
 14453 | D:10     | Found Pucituo's Armour Boutique.
 14616 | D:10     | Reached skill level 10 in Stealth
 14861 | D:10     | Noticed an unseen horror
 14868 | D:10     | Killed an unseen horror
 14868 | D:10     | Reached skill level 11 in Stealth
 15469 | D:11     | Noticed a white ugly thing
 15809 | D:11     | Reached **** piety under Dithmenos
 15989 | D:11     | Killed a white ugly thing
 15989 | D:11     | Reached skill level 12 in Stealth
 16089 | D:11     | Found a staircase to the Lair.
 16432 | D:11     | Noticed a centaur warrior
 16435 | D:11     | Noticed a rakshasa
 16447 | D:11     | Killed a centaur warrior
 16652 | D:11     | Reached skill level 13 in Stealth
 16713 | D:11     | Found a runed translucent gate.
 16713 | D:11     | Found a runed translucent gate.
 16713 | D:11     | Found a runed translucent gate.
 16714 | D:11     | Found an opulent altar of Gozag.
 16715 | D:11     | Noticed Borgoz's ghost (journeyman GrGl)
 17248 | Lair:1   | Entered Level 1 of the Lair of Beasts
 17317 | Lair:1   | Noticed Nergalle
 17321 | Lair:1   | Killed Nergalle
 17321 | Lair:1   | Reached skill level 10 in Short Blades
 17345 | Lair:1   | Reached XP level 12. HP: 61/61 MP: 27/27
 17426 | Lair:1   | Noticed Urug
 17432 | Lair:1   | Killed Urug
 17432 | Lair:1   | Reached skill level 1 in Shields
 17528 | Lair:1   | Reached skill level 14 in Stealth
 17722 | Lair:1   | Found a burning altar of Makhleb.
 18012 | Lair:1   | Reached ***** piety under Dithmenos
 18103 | Lair:2   | Noticed an eight-headed hydra
 18327 | Lair:2   | Noticed Gastronok
 18881 | Lair:2   | Reached skill level 15 in Stealth
 18949 | Lair:2   | Killed an eight-headed hydra
 18949 | Lair:2   | Reached skill level 5 in Shields
 19073 | Lair:2   | Found a staircase to the Swamp.
 19123 | Lair:2   | Noticed a death yak
 19123 | Lair:2   | Noticed a death yak
 19123 | Lair:2   | Noticed a death yak
 19580 | Lair:3   | Noticed a six-headed hydra
 19587 | Lair:3   | Killed a six-headed hydra
 19651 | Lair:3   | Noticed Fannar
 20505 | Lair:4   | Reached XP level 13. HP: 48/65 MP: 28/28
 20650 | Lair:4   | Found a staircase to the Snake Pit.
 21340 | Lair:5   | You fall through a shaft!
 21340 | Lair:6   | Entered Level 6 of the Lair of Beasts
 21831 | Lair:5   | Noticed Nessos
 22208 | Lair:5   | Noticed Josephine
 22230 | Lair:5   | Killed Josephine
 22525 | Lair:5   | Got a scorched amethyst amulet
 24193 | Lair:5   | Killed Nessos
 24193 | Lair:5   | Reached XP level 14. HP: 70/70 MP: 29/29
 24403 | D:10     | Identified the amulet "Qiacuxzu" {Harm *Drain Str+8 Stlth-}
                  | (You found it on level 5 of the Lair of Beasts)
 24421 | Orc:1    | Entered Level 1 of the Orcish Mines
 24556 | Orc:1    | Found Ziebluwn's Distillery.
 24584 | Orc:1    | Reached ****** piety under Dithmenos
 24777 | Orc:1    | Bought a potion of mutation for 120 gold pieces
 24777 | Orc:1    | Bought a potion of brilliance for 60 gold pieces
 24861 | Orc:2    | Entered Level 2 of the Orcish Mines
 25417 | Orc:2    | Found a staircase to the Elven Halls.
 25483 | Orc:2    | Reached skill level 15 in Hexes
 26108 | Orc:2    | Found a roughly hewn altar of Beogh.
 26459 | Orc:2    | Noticed an orc warlord
 26981 | Orc:2    | Killed an orc warlord
 27711 | Orc:2    | Found Vamay's Antique Armour Boutique.
 27712 | Orc:2    | Found Xiqol's Antique Weapon Boutique.
 27716 | Orc:2    | Found Noyrr's General Store.
 27716 | Orc:2    | Found Sakkiacs's Jewellery Shop.
 27770 | Orc:2    | Bought a scroll of identify for 28 gold pieces
 27781 | Orc:2    | Bought a runed robe for 114 gold pieces
 28121 | Swamp:1  | Entered Level 1 of the Swamp
 28174 | Swamp:1  | Noticed Aizul
 28180 | Swamp:1  | Killed Aizul
 28180 | Swamp:1  | Reached skill level 16 in Stealth
 29746 | Swamp:2  | Noticed Donald
 30825 | Swamp:2  | Reached XP level 15. HP: 38/73 MP: 30/30
 31837 | Swamp:3  | Noticed Kirke
 31846 | Swamp:3  | Killed Kirke
 31959 | Swamp:3  | Found an iron altar of Okawaru.
 32863 | Swamp:4  | Entered Level 4 of the Swamp
 32867 | Swamp:4  | Noticed a thorn hunter
 32870 | Swamp:4  | Found a runed translucent door.
 32870 | Swamp:4  | Found a shimmering altar of Xom.
 32870 | Swamp:4  | Noticed VLARC's ghost (adept VSEE)
 32871 | Swamp:4  | Reached skill level 17 in Stealth
 35587 | Swamp:4  | Noticed Bai Suzhen
 35630 | Swamp:4  | Reached skill level 18 in Stealth
 35738 | Swamp:4  | Noticed a thorn hunter
 36169 | Lair:2   | Killed Gastronok
 36299 | Snake:1  | Entered Level 1 of the Snake Pit
 37967 | Snake:2  | Reached skill level 19 in Stealth
 37969 | Snake:2  | Reached XP level 16. HP: 77/77 MP: 31/31
 38827 | Snake:2  | Reached skill level 20 in Stealth
 40922 | Snake:3  | Found Louplawk's Jewellery Boutique.
 40923 | Snake:3  | Found Femosm's Gadget Shoppe.
 40923 | Snake:3  | Found Deaqyiq's Gadget Shoppe.
 40941 | Snake:3  | Bought an uncursed amulet of magic regeneration for 480
                  | gold pieces
 40941 | Snake:3  | Bought an uncursed ring of protection from fire for 400
                  | gold pieces
 40941 | Snake:3  | Bought an uncursed ring of resist corrosion for 320 gold
                  | pieces
 40982 | Snake:4  | Entered Level 4 of the Snake Pit
 41677 | Snake:4  | Reached skill level 10 in Fighting
 42508 | Snake:4  | Reached XP level 17. HP: 89/89 MP: 32/32
 42935 | Snake:4  | Reached skill level 15 in Dodging
 44052 | Snake:4  | Got a serpentine rune of Zot
 44559 | Lair:3   | Killed Fannar
 45006 | Swamp:2  | Killed Donald
 45826 | D:12     | Noticed Maurice
 45833 | D:12     | Killed Maurice
 45837 | D:12     | Found a large runed translucent door.
 45838 | D:12     | Found a large runed translucent door.
 45843 | D:12     | Noticed Exporg's ghost (journeyman TrFi)
 46035 | D:12     | Noticed Psyche
 46043 | D:12     | Killed Psyche
 46632 | D:12     | Reached skill level 21 in Stealth
 46893 | D:12     | Found the +7 great mace "Firestarter" {inner flame, rF++}
 47385 | D:13     | Found a blossoming altar of Fedhas.
 47452 | D:13     | Noticed Erolcha
 47460 | D:13     | Killed Erolcha
 47498 | D:13     | Found a gate to the Vaults.
 48058 | D:13     | Found Pecy's Armour Shoppe.
 48065 | D:13     | You fall through a shaft for 2 floors!
 48065 | D:15     | Entered Level 15 of the Dungeon
 48337 | D:13     | Bought a scarf of cloud immunity for 84 gold pieces
 48399 | D:13     | You fall through a shaft!
 48548 | D:13     | Reached skill level 1 in Evocations
 48618 | D:12     | Killed Exporg's ghost
 48688 | Vaults:1 | Entered Level 1 of the Vaults
 48700 | Vaults:1 | Found Yxtetubb's Weapon Shop.
 48724 | Vaults:1 | Found Ecrevech's Distillery.
 48741 | Vaults:1 | Bought a potion of brilliance for 84 gold pieces
 48741 | Vaults:1 | Bought a potion of heal wounds for 105 gold pieces
 48741 | Vaults:1 | Bought 2 potions of invisibility for 336 gold pieces
 48741 | Vaults:1 | Bought a potion of haste for 210 gold pieces
 48741 | Vaults:1 | Bought a potion of cancellation for 168 gold pieces
 48842 | Vaults:1 | Found a shimmering altar of Xom.
 49033 | Vaults:1 | Found Josieda's Book Shop.
 49387 | Vaults:1 | Reached skill level 22 in Stealth
 49589 | Vaults:1 | Found Woahiag's Book Shop.
 49597 | Vaults:1 | Bought a book of Burglary for 975 gold pieces
 49605 | Vaults:1 | Learned a level 6 spell: Invisibility
 49610 | Vaults:1 | Learned a level 4 spell: Passage of Golubria
 49859 | Vaults:1 | Found Leceg's Assorted Antiques.
 50950 | Vaults:2 | Reached XP level 18. HP: 77/93 MP: 17/35
 52339 | Vaults:2 | Reached skill level 15 in Spellcasting
 54280 | Vaults:3 | Found a runed translucent door.
 54285 | Vaults:3 | Noticed Guuvih's ghost (adept OgTm)
 54488 | Vaults:3 | Reached XP level 19. HP: 98/98 MP: 41/41
 56060 | Vaults:3 | Found a roughly hewn altar of Beogh.
 56542 | Vaults:3 | Found Ublaosocs's Armour Shoppe.
 56595 | Vaults:3 | You fall through a shaft!
 56654 | Vaults:4 | Identified the Guide on Mutagenic Dislocation
 56785 | Vaults:4 | Found Hegill's Antique Weapon Shoppe.
 57144 | Vaults:3 | Found a staircase to the Crypt.
 57555 | Vaults:4 | Learned a level 4 spell: Cause Fear
 57562 | Vaults:4 | Learned a level 6 spell: Darkness
 59850 | Swamp:4  | Killed Bai Suzhen
 60169 | Swamp:4  | Got a decaying rune of Zot
 60589 | Elf:1    | Entered Level 1 of the Elven Halls
 63288 | Elf:1    | Identified the Collected Works on Arcane Weapons
 63342 | Elf:1    | Reached XP level 20. HP: 102/102 MP: 33/46
 63961 | Elf:1    | Noticed Frances
 63972 | Elf:1    | Killed Frances
 64029 | Elf:1    | Found Miuprez's Weapon Emporium.
 64323 | Elf:1    | Found a deep blue altar of Sif Muna.
 64684 | Elf:2    | Identified a scroll of acquirement
 64686 | Elf:2    | Identified the Incunabulum of the Quahog (You acquired it
                  | on level 2 of the Elven Halls)
 64694 | Elf:2    | Learned a level 3 spell: Dazzling Spray
 64703 | Elf:2    | Learned a level 8 spell: Discord
 65447 | Elf:2    | Learned a level 5 spell: Silence
 65644 | Elf:2    | Found a runed translucent gate.
 65645 | Elf:2    | Found a runed translucent gate.
 65646 | Elf:2    | Found a runed translucent gate.
 65775 | Elf:3    | Entered Level 3 of the Elven Halls
 66730 | Elf:3    | Found a portal to a secret trove of treasure.
 67618 | Elf:3    | Noticed Mara
 68122 | Elf:2    | Reached skill level 23 in Stealth
 69296 | Elf:3    | Mangled by an Executioner

Skill      XL: |  1  2  3  4  5  6  7  8  9 10 11 12 13 14 15 16 17 18 19 20 |
---------------+-------------------------------------------------------------+-----
Stealth        | 5 6 7 8 9 13 15 16 19 20 22 23 | 23.1
Short Blades   | 2 3 4 5 6 10 | 10.0
Spellcasting   | 6 8 10 12 17 21 22 | 22.0
Hexes          | 5 6 9 10 14 17 19 20 21 | 21.8
Fighting       | 3 6 10 | 10.0
Dodging        | 6 10 12 14 15 | 15.0
Shields        | 7 |  7.2
Evocations     | 4 |  4.5

Action                   |  1- 3 |  4- 6 |  7- 9 | 10-12 | 13-15 | 16-18 | 19-21 || total
-------------------------+-------+-------+-------+-------+-------+-------+-------++-------
Melee: Dagger            |   108 |       |   114 |   497 |  1036 |  1324 |  1191 ||  4270
       Short sword       |    73 |   210 |    37 |       |       |       |       ||   320
 Fire: Blowgun           |       |       |       |     1 |     7 |       |       ||     8
 Cast: Confuse           |       |    15 |    32 |   175 |   329 |   409 |   350 ||  1310
       Ensorcelled Hiber |       |     3 |    50 |   117 |   159 |    85 |    36 ||   450
       Invisibility      |       |       |       |       |       |     1 |     1 ||     2
       Dazzling Spray    |       |       |       |       |       |       |    26 ||    26
       Silence           |       |       |       |       |       |       |     1 ||     1
  Use: Scroll            |     9 |     4 |     6 |    15 |    19 |    12 |     5 ||    70
       Potion            |       |       |       |       |    15 |     4 |    10 ||    29
 Stab: Sleeping          |    13 |    11 |    56 |    90 |   147 |   169 |    66 ||   552
       Distracted        |     1 |     1 |       |     5 |     9 |     4 |     4 ||    24
       Confused          |       |     7 |    16 |   112 |   210 |   241 |   175 ||   761
       Petrified         |       |       |       |       |     1 |       |       ||     1
       Invisible         |       |       |       |       |       |     2 |     8 ||    10
  Eat: Ration            |       |     3 |     2 |     5 |     8 |     9 |     8 ||    35
Armor: Robe              |    22 |    16 |     8 |    14 |    22 |    15 |    10 ||   107
Dodge: Dodged            |   154 |   134 |    44 |   245 |   567 |   380 |   445 ||  1969
Block: Buckler           |       |       |       |     1 |   279 |   221 |   218 ||   719
